 Dungeon Crawl Stone Soup version 0.31-a0-1227-g0136665373 (webtiles) character file.

Game seed: 2062072915629524865

20856 mdonais the Fighter (level 12, -6/91 HPs)
             Began as an Octopode Reaver on Dec 15, 2023.
             Was a High Priest of Okawaru.
             Mangled by a black mamba (17 damage)
             ... on level 3 of the Lair of Beasts.
             The game lasted 00:57:34 (13622 turns).

mdonais the Fighter (Octopode Reaver)              Turns: 13622, Time: 00:57:35

Health: -6/91      AC:  5    Str: 11    XL:     12   Next: 83%
Magic:  16/16      EV: 18    Int: 16    God:    Okawaru [*****.]
Gold:   205        SH:  5    Dex: 21    Spells: 10/15 levels left

rFire   + + .        b - +0 longbow (heavy)
rCold   . . .        (shield currently unavailable)
rNeg    + . .        (helmet restricted)
rPois   .            Y - amulet of reflection
rElec   .            c - ring of protection from cold
rCorr   .            d - ring of fire
SInv    .            I - ring of fire
Will    .....        E - +4 ring of protection
Stlth   +++++        f - ring of protection from fire
HPRegen 0.35/turn    Z - +6 ring of dexterity
MPRegen 0.15/turn    X - ring of positive energy
                     y - ring of ice

%: reflection
@: no status effects
A: almost no armour, amphibious, 8 rings, camouflage 1, gelatinous body 1,
(nimble swimmer 1), tentacles
a: Renounce Religion, Heroism, Finesse, Duel


You were on level 3 of the Lair of Beasts.
You worshipped Okawaru.
Okawaru was extremely pleased with you.
You visited 3 branches of the dungeon, and saw 15 of its levels.
You also visited: Sewer.

You collected 997 gold pieces.
You spent 792 gold pieces at shops.

Inventory:

Hand Weapons
 a - the +9 trident "Ythroami" {spect, rPois}
   (You found it on level 4 of the Dungeon)

   rPois:     It protects you from poison
 b - a +0 heavy longbow (weapon)
   (You took it off a salamander on level 2 of the Lair of Beasts)
 h - a +2 sling
   (You found it on level 2 of the Dungeon)
 U - a +2 dagger of venom
   (You took it off a kobold on level 10 of the Dungeon)
Missiles
 j - 30 poisoned darts
 t - 8 boomerangs
 v - 3 javelins
 F - 3 curare-tipped darts
 G - 3 datura-tipped darts
Armour
 x - a +0 buckler
   (You found it on level 6 of the Dungeon)
Jewellery
 c - a ring of protection from cold (left tentacle)
   (You found it on level 2 of the Dungeon)
 d - a ring of fire (right tentacle)
   (You found it on level 5 of the Dungeon)
 f - a ring of protection from fire (on tentacle)
   (You found it on level 11 of the Dungeon)
 k - a ring of ice
   (You found it on level 3 of the Dungeon)
 u - an amulet of magic regeneration
   (You took it off a kobold on level 2 of the Dungeon)
 y - a ring of ice (on tentacle)
   (You found it on level 6 of the Dungeon)
 E - a +4 ring of protection (on tentacle)
   (You bought it in a shop on level 7 of the Dungeon)
 I - a ring of fire (on tentacle)
   (You found it on level 7 of the Dungeon)
 X - a ring of positive energy (on tentacle)
   (You found it on level 2 of the Lair of Beasts)
 Y - an amulet of reflection (around mantle)
   (You found it on level 2 of the Lair of Beasts)
 Z - a +6 ring of dexterity (on tentacle)
   (You bought it in a shop on level 7 of the Dungeon)
Wands
 r - a wand of roots (7)
   (You found it on level 6 of the Dungeon)
 J - a wand of polymorph (6)
   (You found it on level 8 of the Dungeon)
 P - a wand of paralysis (18)
   (You found it on level 7 of the Dungeon)
Scrolls
 g - 4 scrolls of enchant weapon
 i - 8 scrolls of poison
 l - 4 scrolls of fog
 m - 2 scrolls of fear
 o - a scroll of enchant armour
 p - a scroll of brand weapon
 w - a scroll of butterflies {unknown}
 B - 2 scrolls of blinking
 N - a scroll of vulnerability
 S - a scroll of revelation
 T - 7 scrolls of teleportation
 W - a scroll of amnesia
Potions
 e - 4 potions of heal wounds
 n - a potion of cancellation {unknown}
 q - 2 potions of berserk rage {unknown}
 s - a potion of brilliance {unknown}
 A - 3 potions of mutation {unknown}
 C - 2 potions of enlightenment
 H - 5 potions of haste
 K - a potion of attraction {unknown}
 L - a potion of magic {unknown}
 M - 5 potions of might
 Q - 3 potions of curing
 V - a potion of lignification {unknown}


   Skills:
 - Level 12.0 Fighting
 - Level 3.0 Short Blades
 - Level 6.0 Polearms
 + Level 11.1 Ranged Weapons
 - Level 7.0 Dodging
 - Level 6.0 Stealth
 - Level 4.0 Shields
 - Level 2.0 Spellcasting
 - Level 3.0 Conjurations
 - Level 5.0 Hexes
 - Level 6.0 Invocations
 - Level 3.0 Evocations


You had 10 spell levels left.
You knew the following spells:

 Your Spells              Type           Power      Damage    Failure   Level
a - Kiss of Death         Conj/Necr      24%        2d7       11%         1
b - Jinxbite              Hex            34%        N/A       4%          2
c - Momentum Strike       Conj/Tloc      12%        3d8       17%         2

Your spell library contained the following spells:

 Spells                   Type           Power      Damage    Failure   Level
 Slow                     Hex            68%        N/A       2%          1
 Confusing Touch          Hex            17%        N/A       8%          3
 Sigil of Binding         Hex            17%        N/A       8%          3
 Ensorcelled Hibernation  Hex/Ice        28%        N/A       11%         2
 Apportation              Tloc           2%         N/A       21%         1
 Necrotise                Necr           4%         1d4       21%         1
 Hailstorm                Conj/Ice       9%         3d6       32%         3
 Ozocubu's Armour         Ice            2%         N/A       52%         3
 Vampiric Draining        Necr           1%         2d6       52%         3
 Anguish                  Hex/Necr       4%         N/A       58%         4
 Metabolic Englaciation   Hex/Ice        7%         N/A       90%         5
 Agony                    Necr           1%         N/A       99%         5
 Alistair's Intoxication  Tmut/Pois      0%         N/A       99%         5
 Simulacrum               Ice/Necr       Unusable   N/A       N/A         6

Dungeon Overview and Level Annotations

Branches:
Dungeon (11/15) Zot: 24630  Temple (1/1) D:7 Zot: 5998    Lair (3/5) D:11 Zot: 15075
 Shoals (0/4) Lair:3        Snake (0/4) Lair:2        Sewer (visited)
    Orc: D:9-12

Altars:
Ashenzari
Cheibriados
Dithmenos
Elyvilon
Fedhas
Gozag
Hepliaklqana
Kikubaaqudgha
Makhleb
Nemelex Xobeh
Okawaru
Qazlal
Ru
Sif Muna
Trog
Uskayaw
Vehumet
Wu Jian
Xom
Yredelemnul
Zin
The Shining One

Shops:
D:7 =

Annotations:
D:9 exclusion: downstairs


Innate Abilities, Weirdness & Mutations

You cannot wear most types of armour.
You are amphibious.
You can wear up to eight rings at the same time.
Your skin changes colour to match your surroundings (Stealth+).
Your rubbery body absorbs attacks. (AC +1, EV +1)
((You are camouflaged when in or above water. (Stealth+)))
You have tentacles for arms and can constrict up to eight enemies at once.


Message History

Press: ? - help, Q - select action, (/) - cycle Shift-Dir - straight line, f - rime drake, p - yak
Aim: a rime drake (chance to call a sprite on attack: 50%, 69% to hit)
You shoot an arrow.
The arrow closely misses the rime drake.
The jinxing sprites lose interest in you.
The rime drake completely misses you.
The yak gores the fungus.
The fungus begins to die.
Fire: b) +0 longbow (heavy)
Press: ? - help, Q - select action, (/) - cycle Shift-Dir - straight line, f/p - rime drake
Aim: a rime drake (69% to hit)
You shoot an arrow. The arrow hits the rime drake!!!
You kill the rime drake!
Okawaru accepts your kill.
Fire: b) +0 longbow (heavy)
Press: ? - help, Q - select action, (/) - cycle Shift-Dir - straight line, f - yak
Aim: a yak (heavily wounded, 80% to hit)
You shoot an arrow. The arrow barely misses the yak.
The arrow hits the yak.
The yak is lightly wounded.
You block the yak's attack.
The yak gores the fungus.
Fire: b) +0 longbow (heavy)
Press: ? - help, Q - select action, (/) - cycle Shift-Dir - straight line, f/p - yak
Aim: a yak (heavily wounded, 80% to hit)
You shoot an arrow. The arrow hits the yak!!
You kill the yak!
Okawaru accepts your kill.
A nearby fungus withers and dies.
Fire: b) +0 longbow (heavy)
Press: ? - help, Q - select action, (/) - cycle Shift-Dir - straight line, f/p - yak
Aim: a yak (heavily wounded, 80% to hit)
You shoot an arrow. The arrow hits the yak!!
The yak is almost dead.
You hear an angry hiss.
The yak completely misses you. The yak barely misses you. The yak gores you.
The yak closely misses you.
The yak gores the fungus.
The fungus begins to die.
You take 2 damage, and have 89/91 hp.
Fire: b) +0 longbow (heavy)
Press: ? - help, Q - select action, (/) - cycle Shift-Dir - straight line, f/p - yak
Aim: a yak (heavily wounded, 80% to hit)
Okay, then.
A black mamba comes into view.
Fire: b) +0 longbow (heavy)
Press: ? - help, Q - select action, (/) - cycle Shift-Dir - straight line, f/p - yak
Aim: a yak (heavily wounded, 80% to hit)
You shoot an arrow. The black mamba hisses angrily.
The arrow hits the yak but does no damage.
The yak is almost dead.
The yak completely misses you. You block the yak's attack.
Fire: b) +0 longbow (heavy)
Press: ? - help, Q - select action, (/) - cycle Shift-Dir - straight line, f/p - yak
Aim: a yak (heavily wounded, 80% to hit)
You shoot an arrow.
The arrow hits the yak but does no damage.
The yak is almost dead.
The yak gores you! The yak misses you.
You take 13 damage, and have 77/91 hp.
Fire: b) +0 longbow (heavy)
Press: ? - help, Q - select action, (/) - cycle Shift-Dir - straight line, f/p - yak
Aim: a yak (heavily wounded, 80% to hit)
You shoot an arrow. The arrow hits the yak!!!
You kill the yak!
Okawaru accepts your kill.
A nearby fungus withers and dies.
The black mamba completely misses you. The black mamba misses you.
The yak closely misses you. The yak gores you!
Your base Ranged Weapons skill increases to level 11!
You take 9 damage, and have 68/91 hp.
Fire: b) +0 longbow (heavy)
Press: ? - help, Q - select action, (/) - cycle Shift-Dir - straight line, f - yak, p - yak
Aim: a yak (almost dead, 81% to hit)
You shoot an arrow. The arrow hits the yak!
You kill the yak!
Okawaru accepts your kill. The black mamba closely misses you.
You block the black mamba's attack. The black mamba bites you!
You are poisoned.
The black mamba poisons you!
You take 10 damage, and have 58/91 hp.
Fire: b) +0 longbow (heavy)
Press: ? - help, Q - select action, (/) - cycle Shift-Dir - straight line, f - black mamba
Aim: a black mamba (62% to hit)
You shoot an arrow.
The arrow closely misses the black mamba.
You feel very sick. The black mamba closely misses you.
The yak closely misses you. x2
The black mamba bites you.
You take 7 damage, and have 51/91 hp.
Fire: b) +0 longbow (heavy)
Press: ? - help, Q - select action, (/) - cycle Shift-Dir - straight line, f - yak, p - black mamba
Aim: a yak (heavily wounded, 81% to hit)
You shoot an arrow. The arrow hits the yak!
The yak is severely wounded.
You feel very sick. You block the black mamba's attack.
The yak closely misses you. The black mamba closely misses you.
The yak completely misses you. The yak barely misses you.
The yak gores you but does no damage. The black mamba completely misses you.
You take 3 damage, and have 48/91 hp.
Fire: b) +0 longbow (heavy)
Press: ? - help, Q - select action, (/) - cycle Shift-Dir - straight line, f/p - yak
Aim: a yak (severely wounded, 81% to hit)
You shoot an arrow. The arrow hits the yak!!
You kill the yak!
Okawaru accepts your kill.
You feel very sick. You block the black mamba's attack.
The black mamba barely misses you. The yak completely misses you.
You take 3 damage, and have 45/91 hp.
MP restored: 16 Fire: b) +0 longbow (heavy)
Press: ? - help, Q - select action, (/) - cycle Shift-Dir - straight line, f - yak
Aim: a yak (81% to hit)
You shoot an arrow. The arrow barely misses the yak.
You feel your willpower return.
You feel sick. The black mamba bites you! The black mamba barely misses you.
The yak gores you. The black mamba misses you.
You take 17 damage, and have 28/91 hp.
Fire: b) +0 longbow (heavy)
Press: ? - help, Q - select action, (/) - cycle Shift-Dir - straight line, f/p - yak
Aim: a yak (81% to hit)
You shoot an arrow.
The arrow hits the yak but does no damage.
You feel like a meek peon again.
You feel sick. The black mamba completely misses you.
You block the yak's attack. The black mamba bites you.
* * * LOW HITPOINT WARNING * * *
The yak gores you!
* * * LOW HITPOINT WARNING * * *
You take 16 damage, and have 12/91 hp.
Blink to where?
Press: ? - help, Dir - move target, p - yak
As you read the scroll of blinking, it crumbles to dust.
You feel sick.
You feel sick.
You take 1 damage, and have 11/91 hp.
You feel sick.
You take 1 damage, and have 10/91 hp.
You feel sick.
You are no longer poisoned.
Fire: b) +0 longbow (heavy)
Press: ? - help, Q - select action, (/) - cycle Shift-Dir - straight line, f - black mamba
Aim: a black mamba (57% to hit)
You shoot an arrow.
The arrow closely misses the black mamba.
Fire: b) +0 longbow (heavy)
Press: ? - help, Q - select action, (/) - cycle Shift-Dir - straight line, f/p - black mamba
Aim: a black mamba (57% to hit)
You shoot an arrow.
The arrow closely misses the black mamba.
You block the black mamba's attack. The black mamba bites you!
You die...

#.#.......# ..... ##.+.......#..
#. ...#. #.^...†..#.#... #.. #...
##.#............#...#...
##......#..#........#... .####
#............P.P#...#...
..#PP###.......................
................................
...............S@.>..............
.............####..##P##P#.......
#........YP### P.# ## ##......
#.........## #..# ##......
#.......S.## ..# ##.......
.........>.# ... .........
......Y#...# ... .........
..#§†...## .... .........
..#P.....#. .........


You could see a black mamba and a yak.

Vanquished Creatures
  A boulder beetle (Lair:2)
  A two-headed ogre (D:9)
  Amaemon (D:8)
  A flayed ghost (D:11)
  A salamander (Lair:2)
  A cyclops (D:11)
  A manticore (D:11)
  2 black mambas
  An orange demon (D:8)
  3 cane toads
  2 komodo dragons
  A rime drake (Lair:3)
  A kobold demonologist (D:11)
  6 trolls
  2 polar bears
  2 vampires
  A wraith (D:11)
  36 yaks
  A shadow (D:7)
  3 steam dragons
  2 basilisks
  4 wyverns
  2 vampire mosquitoes (D:10)
  Menkaure (D:7)
  2 nagas (Lair:2)
  6 water moccasins (Lair:1)
  An acid dragon (D:9)
  An ice beast (D:7)
  3 orc warriors
  A sky beast (D:7)
  2 black bears
  4 ogres
  5 wolves (Lair:1)
  4 centaurs
  2 phantoms
  4 kobold brigands
  2 brain worms (Sewer)
  10 bullfrogs
  A gnoll sergeant (D:8)
  5 wights (D:6)
  10 killer bees
  An electric eel (Lair:1)
  2 howler monkeys
  5 hounds
  4 jellies
  7 orc priests
  A gnoll bouda (D:8)
  9 orc wizards
  An iguana (D:6)
  10 gnolls (D:8)
  4 adders
  A river rat (Sewer)
  A shadow imp (D:8)
  2 worms (D:2)
  A dart slug (D:2)
  25 orcs
  4 ball pythons
  5 bats
  3 endoplasms
  2 giant cockroaches
  4 goblins
  5 hobgoblins
  2 jackals (D:3)
  17 kobolds
  A quokka (D:4)
  4 frilled lizards (Sewer)
  10 rats
271 creatures vanquished.

Vanquished Creatures (others)
  2 spectral weapons
2 creatures vanquished.

Grand Total: 273 creatures vanquished

Notes
Turn   | Place    | Note
-------+----------+-------------------------------------------
     0 | D:1      | mdonais the Octopode Reaver began the quest for the Orb.
     0 | D:1      | Reached XP level 1. HP: 14/14 MP: 3/3
   103 | D:1      | Reached skill level 1 in Stealth
   335 | D:1      | Reached XP level 2. HP: 8/19 MP: 5/5
   608 | D:2      | Reached XP level 3. HP: 23/24 MP: 6/6
   714 | D:2      | Learned a level 2 spell: Jinxbite
   717 | D:2      | Learned a level 2 spell: Momentum Strike
   742 | D:2      | Found a faded altar of an unknown god.
   773 | D:2      | Prayed at the altar of an unknown god.
   773 | D:2      | Became a worshipper of Elyvilon the Healer
   773 | D:2      | Reached * piety under Elyvilon
   950 | D:2      | You fall into a shaft and drop 2 floors!
   980 | D:4      | Reached ** piety under Elyvilon
   988 | D:4      | Identified the +9 trident "Ythroami" {spect, rPois}
  1125 | D:4      | Noticed an ogre
  1131 | D:4      | Killed an ogre
  1132 | D:4      | Reached XP level 4. HP: 19/30 MP: 7/7
  1132 | D:4      | Reached XP level 5. HP: 22/35 MP: 8/8
  1228 | D:4      | Found a glowing drain.
  1239 | Sewer    | Entered a sewer
  1284 | Sewer    | Reached skill level 3 in Fighting
  1336 | Sewer    | Reached XP level 6. HP: 42/42 MP: 9/9
  1402 | Sewer    | Reached skill level 4 in Fighting
  2080 | D:3      | Reached *** piety under Elyvilon
  2270 | D:3      | Found a stormy altar of Qazlal.
  2780 | D:5      | Entered Level 5 of the Dungeon
  2829 | D:5      | Found an opulent altar of Gozag.
  2893 | D:5      | Reached XP level 7. HP: 46/49 MP: 10/10
  2962 | D:5      | Reached skill level 5 in Fighting
  2988 | D:5      | Reached **** piety under Elyvilon
  3113 | D:5      | Reached skill level 5 in Polearms
  3722 | D:6      | Noticed a steam dragon
  3729 | D:6      | Killed a steam dragon
  3860 | D:6      | Noticed a troll
  3872 | D:6      | Killed a troll
  3873 | D:6      | Reached skill level 6 in Fighting
  3873 | D:6      | Reached XP level 8. HP: 34/58 MP: 11/11
  4026 | D:6      | Reached skill level 7 in Fighting
  4184 | D:6      | Reached skill level 1 in Shields
  4254 | D:6      | Reached XP level 9. HP: 42/64 MP: 12/12
  4397 | D:6      | Found a radiant altar of Vehumet.
  4397 | D:6      | Found an iron altar of Okawaru.
  4481 | D:6      | Fell from the grace of Elyvilon
  4481 | D:6      | Became a worshipper of Warmaster Okawaru
  4613 | D:6      | Reached skill level 8 in Fighting
  4739 | D:7      | Reached skill level 1 in Hexes
  5019 | D:7      | Reached skill level 1 in Invocations
  5050 | D:7      | Noticed Menkaure
  5055 | D:7      | Killed Menkaure
  5059 | D:7      | Reached * piety under Okawaru
  5069 | D:7      | Found Suiti's Jewellery Emporium.
  5071 | D:7      | Bought a +4 ring of protection for 396 gold pieces
  5090 | D:7      | Found a staircase to the Ecumenical Temple.
  5511 | D:8      | Reached ** piety under Okawaru
  5608 | D:8      | Noticed Amaemon
  5611 | D:8      | Noticed an orange demon
  5616 | D:8      | Killed Amaemon
  5617 | D:8      | Reached skill level 9 in Fighting
  5617 | D:8      | Reached skill level 5 in Dodging
  5617 | D:8      | Reached skill level 5 in Hexes
  5617 | D:8      | Reached XP level 10. HP: 59/74 MP: 13/13
  5620 | D:8      | Killed an orange demon
  5620 | D:8      | Reached *** piety under Okawaru
  6075 | D:9      | Reached skill level 1 in Evocations
  6478 | D:9      | Noticed a two-headed ogre
  6487 | D:9      | Reached skill level 10 in Fighting
  6490 | D:9      | Killed a two-headed ogre
  6796 | D:9      | Reached **** piety under Okawaru
  6837 | D:10     | Entered Level 10 of the Dungeon
  6837 | D:10     | Noticed a gargoyle
  7342 | D:10     | Found an ancient bone altar of Kikubaaqudgha.
  7420 | D:10     | Reached skill level 1 in Ranged Weapons
  7420 | D:10     | Reached skill level 5 in Stealth
  7420 | D:10     | Reached XP level 11. HP: 76/82 MP: 14/14
  8062 | D:10     | Reached skill level 5 in Ranged Weapons
  8537 | D:11     | Reached skill level 11 in Fighting
  8778 | D:11     | Noticed a flayed ghost
  8785 | D:11     | Killed a flayed ghost
  8785 | D:11     | Reached ***** piety under Okawaru
  9064 | D:11     | Found a staircase to the Lair.
  9268 | D:11     | Noticed a cyclops
  9276 | D:11     | Killed a cyclops
  9583 | D:11     | Noticed a manticore
  9592 | D:11     | Killed a manticore
 10228 | Lair:1   | Entered Level 1 of the Lair of Beasts
 10630 | Lair:1   | Reached XP level 12. HP: 90/90 MP: 15/15
 10644 | Lair:1   | Received a gift from Okawaru
 10661 | Lair:1   | Reached skill level 10 in Ranged Weapons
 11578 | D:7      | Bought a +6 ring of dexterity for 396 gold pieces
 11602 | Temple   | Entered the Ecumenical Temple
 11823 | Lair:2   | Noticed a boulder beetle
 11842 | Lair:2   | Identified the scarf of Discretion {shadows, Dex+3}
 11871 | Lair:2   | Killed a boulder beetle
 12065 | Lair:2   | Found a hide-covered altar of Uskayaw.
 12070 | Lair:2   | Found an ornate altar of the Wu Jian Council.
 12234 | Lair:2   | Reached skill level 5 in Invocations
 12679 | Lair:2   | Found a staircase to the Snake Pit.
 12693 | Lair:2   | Received a gift from Okawaru
 13430 | Lair:3   | Reached skill level 12 in Fighting
 13554 | Lair:3   | Found a staircase to the Shoals.
 13622 | Lair:3   | Mangled by a black mamba

Illustrated notes

Levels and vault maps discovered:
D:1:      pf_arrival_petrified_forest, layout_basic, st_stairs_10
D:2:      layout_basic, hellmonk_ecumenical_altar_arch_garden
D:3:      layout_basic, nicolae_qazlal_eye_of_the_storm
D:4:      layout_gridville, portal_sewer_entry_b
D:5:      layout_gridville, mainiacjoe_overflow_surrounded_room
D:6:      layout_loops_ring, gammafunk_temple_overflow_statue
D:7:      layout_basic, minmay_temple_entry_crystal_x, serial_shops,
          nicolae_shop_gaudy_bauble, hangedman_abyss_or_decor_jellyfish_corner,
          minmay_crossroads, uniq_menkaure
D:8:      layout_cave_pools, chequers_serial_rivers_small_a,
          kennysheep_generic_room_5, uniq_amaemon
D:9:      layout_irregular_city
D:10:     layout_grid_maze, amcnicky_altar_gilded, nicolae_fountain_basement
D:11:     layout_stronghold, lair_entry_dummy, serial_co_window_serial,
          co_window_paths_a, co_window_paths_a, co_window_corner_a,
          co_window_paths_a, co_window_paths_a, co_window_corner_cb,
          co_window_paths_c, co_window_unsneaky_path_a, co_window_broadway_b,
          co_window_of_opportunity_c, co_window_broadway_c,
          co_window_broadway_b, glass_columns_b, glass_columns_c,
          chequers_mini_garden, kennysheep_just_a_vault
Temple:   minmay_temple_bridge_d
Lair:1:   layout_regular_city, minivault_27, gammafunk_lair_bear_cave
Lair:2:   layout_loops_ring, alex1729_snake_entry_snake,
          nzn_masters_of_martial_movement
Lair:3:   layout_chaotic_city, shoals_dummy_entry

Skill      XL: |  1  2  3  4  5  6  7  8  9 10 11 12 |
---------------+-------------------------------------+-----
Stealth        | 2 3 5 6 |  6.0
Polearms       | 3 4 6 |  6.0
Fighting       | 3 4 6 7 9 10 11 12 | 12.0
Dodging        | 3 5 6 7 |  7.0
Shields        | 4 |  4.0
Hexes          | 5 |  5.0
Invocations    | 3 4 6 |  6.0
Evocations     | 3 |  3.0
Ranged Weapons | 1 9 11 | 11.1
Short Blades   | |  3.0
Spellcasting   | |  2.0
Conjurations   | |  3.0

Action                     |  1- 3 |  4- 6 |  7- 9 | 10-12 || total
---------------------------+-------+-------+-------+-------++-------
  Melee: Short sword       |    65 |       |       |       ||    65
         Constrict         |    15 |     8 |    18 |    34 ||    75
         Tentacles         |    12 |     2 |    19 |    68 ||   101
         Punch             |     1 |       |       |     6 ||     7
         Trident           |     3 |    40 |   119 |   296 ||   458
   Fire: Sling             |     6 |    14 |    12 |    65 ||    97
         Longbow           |       |       |       |    39 ||    39
  Throw: Stone             |     8 |       |       |       ||     8
         Dart              |     5 |       |     4 |    10 ||    19
         Boomerang         |       |       |     3 |     4 ||     7
         Javelin           |       |       |       |     3 ||     3
   Cast: Jinxbite          |       |       |    15 |    64 ||    79
 Invoke: Heroism           |       |       |       |     5 ||     5
  Evoke: Wand              |       |       |       |     1 ||     1
    Use: Potion            |     1 |       |       |     2 ||     3
         Scroll            |     6 |     2 |     1 |     8 ||    17
   Stab: Sleeping          |     1 |    14 |     6 |     8 ||    29
         Distracted        |       |       |     2 |     7 ||     9
 Armour: Skin              |    28 |     8 |    19 |   119 ||   174
  Dodge: Dodged            |    51 |     5 |    21 |   151 ||   228
  Block: Buckler           |       |       |     6 |    34 ||    40
         Other             |       |       |       |    10 ||    10

Table legend: (Time is in decaauts)
 A = Elapsed time spent in this place.
 B = Non-inter-level travel time spent in this place.
 C = Inter-level travel time spent in this place.
 D = Time resting spent in this place.
 E = Time spent auto-exploring this place.
 F = Levels seen in this place.
 G = Mean time per level.
                   A        B        C        D        E       F      G
               +--------+--------+--------+--------+--------+-----+--------+
         Total |  13633 |  12364 |   1269 |    764 |   9012 |  16 |  852.1 |
       Dungeon |  10375 |   9325 |   1050 |    422 |   7053 |  11 |  943.2 |
        Temple |      1 |      1 |      0 |      0 |      0 |   1 |    1.0 |
          Lair |   2922 |   2703 |    219 |    342 |   1747 |   3 |  974.0 |
         Sewer |    333 |    333 |      0 |      0 |    212 |   1 |  333.0 |
               +--------+--------+--------+--------+--------+-----+--------+

Top non-repeatable levels by time:
    D:11: 2019 daAuts
    D:10: 1754 daAuts
  Lair:1: 1338 daAuts
  Lair:2: 1326 daAuts
     D:6: 990 daAuts
     D:5: 947 daAuts
     D:9: 862 daAuts
     D:2: 750 daAuts
     D:7: 725 daAuts
     D:8: 633 daAuts
     D:4: 608 daAuts
     D:1: 561 daAuts
     D:3: 521 daAuts
   Sewer: 333 daAuts
  Lair:3: 257 daAuts
